Map: Ultralove

Players

Gimli - Winner!

  • Race: Zerg Zerg
  • League: Platinum
  • Spawn Location: 7:00

hitrader

  • Race: Protoss Protoss
  • League: Platinum
  • Spawn Location: 1:00

VOD

Have the link to the VOD?

Description

Time

  • Played on: Feb. 10, 2025, 4:28 a.m.
  • Length: 19:52
Show
View Real Time Build Order
Export as new Build Order

Gimli Zerg - Winner!

Build Orders: Pool First 

Get SALT Encoding   

  12  0:02  Drone  
  13  0:08  Drone  
  13  0:13  Extractor  
  13  0:14  Extractor  
  13  0:18  Drone  
  13  0:23  Drone  
  16  0:37  Overlord  
  16  0:44  Spawning Pool  
  15  0:57  Drone x2  
  15  0:58  Drone  
  18  1:34  Zergling x6  
  18  1:35  Hatchery  
  20  1:48  Queen  
  22  2:15  Overlord  
  20  2:39  Drone x2  
  20  2:40  Drone  
  23  2:49  Queen  
  23  2:50  Drone  
  26  2:52  Queen  
  26  2:58  Drone x4  
  32  3:11  Drone x3  
  35  3:15  Overlord  
  35  3:23  Overlord  
  35  3:35  Drone  
  35  3:36  Drone x4  
  40  3:46  Extractor, Drone x2  
  40  3:47  Extractor  
  40  3:51  Extractor  
  40  3:52  Extractor  
  40  3:55  Drone  
  39  3:56  Queen  
  39  3:58  Overlord  
  41  4:07  Drone  
  42  4:11  Drone  
  42  4:12  Drone x3  
  42  4:17  Drone  
  47  4:19  Drone  
  47  4:24  Queen  
  48  4:27  Overlord  
  50  4:45  Drone x3  
  52  4:47  Drone x3  
  56  4:53  Roach Warren  
  56  4:59  Drone x2  
  57  5:02  Lair  
  57  5:05  Drone  
  58  5:15  Zergling x2  
  58  5:16  Zergling x8  
  58  5:20  Hatchery  
  60  5:29  Drone  
  60  5:30  Drone  
  62  5:44  Burrow  
  62  5:49  Evolution Chamber  
  61  5:54  Drone x2  
  61  5:55  Drone x4  
  67  5:59  Metabolic Boost  
  67  6:01  Glial Reconstitution  
  67  6:06  Overlord x2  
  67  6:07  Overlord x2  
  67  6:26  Drone x6  
  73  6:35  Roach x2  
  71  6:40  Roach x2  
  71  6:41  Roach x2  
  79  6:55  Roach x2  
  79  6:57  Hatchery  
  80  7:02  Roach  
  82  7:08  Roach  
  82  7:09  Spine Crawler  
  82  7:10  Spine Crawler  
  82  7:11  Overlord  
  82  7:21  Evolution Chamber  
  81  7:22  Zerg Missile Weapons Level 1  
  81  7:29  Roach x4  
  93  7:30  Roach x2  
  93  7:34  Spine Crawler  
  93  7:36  Roach  
  93  7:37  Roach  
  96  7:45  Hydralisk Den  
  96  7:47  Zerg Ground Armor Level 1  
  95  7:56  Hatchery  
  95  7:58  Roach x3  
  98  7:59  Roach x2  
  104  8:10  Overseer  
  94  8:15  Queen  
  94  8:16  Queen  
  97  8:20  Spine Crawler  
  97  8:21  Overseer x2, Spine Crawler  
  97  8:23  Spore Crawler  
  75  8:36  Hydralisk x2  
  75  8:37  Hydralisk x6  
  86  8:48  Drone  
  86  8:49  Drone  
  86  8:52  Queen  
  90  9:06  Roach x3  
  96  9:15  Hydralisk, Overseer  
  96  9:16  Hydralisk x2  
  102  9:19  Grooved Spines  
  102  9:20  Hatchery  
  102  9:21  Zerg Missile Weapons Level 2  
  101  9:27  Infestation Pit  
  100  9:32  Drone x2  
  100  9:33  Drone x7  
  100  9:34  Drone  
  110  9:40  Queen  
  110  9:42  Drone x2  
  114  9:48  Spine Crawler  
  113  10:05  Overlord x2  
  113  10:06  Overlord x2  
  113  10:12  Overseer  
  113  10:23  Overlord x3  
  113  10:25  Roach  
  113  10:26  Roach x6  
  113  10:27  Roach x2  
  131  10:34  Hatchery  
  130  10:36  Roach x3  
  136  10:44  Hive  
  136  10:46  Zerg Ground Armor Level 2  
  136  10:47  Hydralisk x4  
  136  10:48  Hydralisk  
  146  11:04  Hydralisk x5  
  156  11:19  Queen  
  156  11:24  Hydralisk x3  
  156  11:25  Hydralisk  
  164  11:26  Zergling x8  
  164  11:31  Spine Crawler  
  169  11:32  Spine Crawler  
  169  11:33  Spore Crawler  
  169  11:36  Spore Crawler  
  166  11:42  Overlord x3  
  166  12:00  Roach x2  
  166  12:01  Roach x5  
  179  12:11  Ravager x2  
  179  12:13  Zergling x6  
  179  12:14  Zergling x8  
  188  12:21  Hydralisk  
  188  12:22  Hydralisk  
  192  12:29  Spore Crawler  
  187  12:32  Spore Crawler  
  187  12:33  Spore Crawler  
  187  12:35  Hydralisk x2  
  179  12:37  Zergling x2  
  147  13:03  Hydralisk x4  
  147  13:04  Zergling x2  
  147  13:05  Zergling x4  
  153  13:19  Drone x3  
  157  13:20  Drone  
  157  13:21  Drone  
  158  13:36  Spore Crawler  
  158  13:39  Spore Crawler  
  48  14:24  Roach x3  
  48  14:25  Roach x5  
  50  14:33  Roach  
  52  14:41  Drone x2  
  52  14:42  Drone x5  
  47  15:07  Roach x3  
  47  15:08  Roach x5  
  57  15:17  Roach x3  
  57  15:19  Roach  
  65  15:25  Roach x2  
  65  15:26  Zergling x2  
  70  15:38  Drone x3  
  70  15:39  Drone  
  74  15:44  Drone  
  74  15:46  Drone  
  76  15:59  Pneumatized Carapace  
  76  16:03  Drone x2  
  78  16:05  Drone  
  79  16:21  Spire  
  79  16:25  Drone x2  
  79  16:26  Drone x3  
  79  16:27  Drone  
  79  16:29  Drone  
  85  16:36  Queen  
  87  16:45  Overseer x2  
  87  16:46  Overseer  
  87  16:48  Drone x3  
  87  16:50  Drone  
  87  16:51  Drone  
  87  16:53  Drone  
  93  16:55  Drone  
  93  16:58  Extractor  
  93  17:00  Extractor  
  90  17:20  Hydralisk x6  
  90  17:21  Hydralisk, Zergling x2  
  90  17:22  Zergling x2  
  98  17:28  Drone x3  
  98  17:29  Drone x2  
  99  17:34  Corruptor  
  101  17:47  Drone x6  
  101  17:48  Drone x2  
  109  17:53  Extractor  
  109  17:54  Extractor  
  107  17:58  Drone x2  
  107  18:00  Drone  
  110  18:06  Hatchery  
  109  18:26  Hydralisk x6  
  109  18:27  Hydralisk x3  
  117  18:29  Zergling x2  
  117  18:30  Zergling x2  
  129  18:34  Roach  
  129  18:35  Roach, Zergling x2  
  129  18:36  Zergling x2  
  135  18:46  Hydralisk x3  
  141  18:49  Roach  
  141  18:50  Roach  
  145  18:59  Ravager x5  
  145  19:00  Ravager x2  
  149  19:11  Corruptor x2  
  149  19:12  Corruptor x2  
  150  19:19  Drone x6  
  150  19:20  Drone  
Show
View Real Time Build Order
Export as new Build Order

hitrader Protoss 

Build Orders:  

Get SALT Encoding   

  12  0:02  Probe  
  13  0:18  Probe  
  13  0:20  Pylon  
  13  0:26  Probe  
  15  0:40  Forge  
  15  0:50  Pylon  
  15  1:04  Gateway  
  15  1:12  Gateway  
  15  1:18  Probe  
  16  1:24  Assimilator  
  16  1:30  Probe  
  16  1:42  Probe  
  17  1:48  Photon Cannon  
  17  1:54  Probe, Cybernetics Core  
  18  2:01  Assimilator  
  18  2:05  Assimilator  
  18  2:06  Probe  
  19  2:18  Probe  
  19  2:20  Assimilator  
  20  2:27  Pylon  
  20  2:30  Probe  
  20  2:32  Adept  
  23  2:45  Probe  
  24  2:57  Twilight Council, Probe  
  25  3:09  Probe  
  25  3:11  Warp Gate  
  26  3:16  Protoss Ground Weapons Level 1  
  26  3:20  Nexus  
  26  3:23  Probe  
  27  3:31  Charge  
  27  3:46  Probe  
  28  3:58  Probe  
  29  4:11  Probe  
  29  4:14  Gateway  
  29  4:16  Gateway  
  30  4:23  Gateway  
  30  4:27  Probe  
  31  4:39  Probe  
  32  4:49  Gateway  
  32  4:51  Probe  
  32  4:52  Gateway x2  
  33  4:58  Gateway  
  33  5:02  Pylon  
  33  5:09  Pylon  
  33  5:19  Protoss Ground Weapons Level 2  
  31  5:30  Probe  
  32  5:41  Zealot x3  
  32  5:42  Probe, Zealot  
  41  5:43  Zealot  
  41  5:45  Zealot  
  41  5:46  Zealot  
  47  5:51  Zealot  
  47  5:54  Probe  
  50  5:58  Robotics Facility  
  50  6:03  Pylon  
  50  6:08  Pylon  
  50  6:13  Stalker x2  
  50  6:15  Zealot x2  
  50  6:18  Pylon  
  58  6:27  Probe  
  59  6:39  Probe  
  60  6:43  Zealot x2  
  60  6:44  Zealot x5  
  74  6:51  Probe  
  75  6:56  Warp Prism  
  77  7:02  Dark Shrine  
  77  7:04  Assimilator  
  77  7:05  Probe  
  78  7:17  Probe  
  79  7:27  Protoss Ground Armor Level 1  
  79  7:29  Probe  
  80  7:31  Zealot x3  
  85  8:05  Probe  
  81  8:15  Adept x2  
  81  8:16  Adept x2  
  81  8:17  Probe  
  50  8:42  Zealot x4  
  50  8:43  Zealot x4  
  60  8:56  Pylon  
  60  8:59  Pylon  
  60  9:01  Pylon, Robotics Facility, Robotics Bay  
  60  9:02  Pylon, Robotics Facility  
  60  9:03  Pylon  
  60  9:04  Pylon  
  60  9:05  Pylon  
  60  9:06  Probe  
  60  9:08  Pylon  
  61  9:13  Zealot x4  
  69  9:18  Probe  
  70  9:29  Protoss Ground Weapons Level 3  
  70  9:30  Probe  
  71  9:44  Nexus  
  71  9:48  Pylon  
  71  9:51  Probe  
  72  10:03  Probe  
  72  10:04  Dark Templar x2  
  72  10:05  Dark Templar  
  79  10:11  Dark Templar  
  81  10:15  Probe  
  82  10:26  Photon Cannon  
  82  10:27  Probe  
  83  10:32  Dark Templar x2  
  87  10:44  Colossus  
  93  10:51  Probe  
  94  11:03  Probe  
  95  11:16  Probe  
  84  11:28  Probe  
  84  11:32  Colossus x2  
  97  11:40  Probe  
  98  11:50  Photon Cannon  
  98  11:51  Photon Cannon  
  98  11:54  Colossus  
  98  11:56  Protoss Ground Armor Level 2  
  98  11:59  Extended Thermal Lance  
  100  12:24  Colossus  
  79  12:36  Colossus  
  91  12:48  Colossus  
  95  12:53  Probe  
  92  13:05  Probe  
  89  13:08  Colossus  
  77  13:17  Probe  
  84  13:40  Stalker  
  84  13:41  Stalker x5  
  70  14:23  Colossus x2  
  70  14:32  Stalker x2  
  74  14:46  Pylon  
  74  14:47  Pylon  
  74  15:05  Probe  
  69  15:17  Probe  
  69  15:19  Dark Templar x2  
  69  15:20  Dark Templar  
  76  15:23  Warp Prism  
  76  15:29  Probe  
  79  15:45  Probe  
  76  15:57  Probe  
  77  16:09  Probe  
  78  16:15  Nexus  
  78  16:49  Dark Templar x2  
  78  16:52  Sentry  
  62  17:29  Probe  
  57  17:41  Probe  
  58  17:53  Probe  
  58  17:55  Probe  
  60  18:07  Probe  
  61  18:19  Probe  
  62  18:26  Nexus  
  62  18:33  Pylon  
  62  18:34  Pylon  
  62  18:36  Observer  
  63  18:47  Probe  
  64  18:54  Observer, Photon Cannon  
  65  19:03  Pylon  
  63  19:12  Observer  
  76  19:20  Dark Templar x2  
  80  19:27  Archon  
  85  19:40  Dark Templar  
  85  19:41  Sentry x2  
  85  19:42  Nexus  
Tags
 
Add a new tag
Caveats
  • Supply blocks, unpowered buildings, or Contaminate may cause inaccurate times.
  • Supply counts are checked every 10 seconds.